MLB
BALTIMORE ORIOLES @ OAKLAND ATHLETICS
04/09/2052
 
TOP OF THE 1ST
Baltimore Orioles batting - Pitching for Oakland Athletics : RHP Nick Kirk
Pitching: RHP Nick Kirk
Batting: RHB Cesar Breceda 0-0: Called Strike
0-1: Foul Ball, location: 3DF
0-2: Ball
1-2: Strikes out swinging
Batting: RHB Nick Rigden 0-0: Called Strike
0-1: Foul Ball, location: 2F
0-2: Ball
1-2: Ball
2-2: Strikes out swinging
Batting: SHB Dave Barefoot 0-0: Ball
1-0: Called Strike
1-1: Fly out, F6 (Popup, 6S, EV 78.1 MPH)
Top of the 1st over - 0 runs, 0 hits, 0 errors, 0 left on base; Baltimore 0 - Oakland 0
BOTTOM OF THE 1ST
Oakland Athletics batting - Pitching for Baltimore Orioles : RHP Adam Thomas
Pitching: RHP Adam Thomas
Batting: LHB Peer Derks 0-0: Ball
1-0: Called Strike
1-1: Foul Ball, location: 3F
1-2: Fly out, F9 (Flyball, 89D, EV 95.6 MPH)
Batting: RHB Muneo Kawachi 0-0: Ball
1-0: Swinging Strike
1-1: Ball
2-1: Ground out 6-3 (Groundball, 6, EV 103.1 MPH)
Batting: SHB Matt Altieri 0-0: Foul Ball, location: 2F
0-1: Foul Ball, location: 25FF
0-2: Ball
1-2: Ball
2-2: Foul Ball, location: 3F
2-2: Foul Ball, location: 7LSF
2-2: Foul Ball, location: 3SF
2-2: Ball
3-2: Foul Ball, location: 3F
3-2: SINGLE (Line Drive, 78S, EV 95.6 MPH)
Batting: LHB Kevin McCormic Jr. 0-0: SINGLE (Groundball, 5D, EV 101.9 MPH)
Matt Altieri to second
Batting: RHB Chris Prinzing 0-0: Reached on error, E5 (Groundball, 5S, EV 86.9 MPH)
Matt Altieri scores
Kevin McCormic Jr. to third
Batting: SHB Quincy Bradford 0-0: Ball
1-0: Foul Ball, location: 3DF
1-1: Ball
2-1: 3-RUN HOME RUN (Line Drive, 7D, EV 105.6 MPH), Distance : 395 ft
Batting: RHB Randy Shrewsbury 0-0: Called Strike
0-1: Ball
1-1: Swinging Strike
1-2: Strikes out looking
Bottom of the 1st over - 4 runs, 3 hits, 1 error, 0 left on base; Baltimore 0 - Oakland 4
TOP OF THE 2ND
Baltimore Orioles batting - Pitching for Oakland Athletics : RHP Nick Kirk
Batting: RHB Vince Jackson 0-0: Ball
1-0: Called Strike
1-1: Ball
2-1: Ground out 5-3 (Groundball, 56, EV 82.5 MPH)
Batting: SHB Junzo Kato 0-0: Foul Ball, location: 2F
0-1: Ground out 5-3 (Groundball, 56S, EV 77.5 MPH)
Batting: LHB Michael Krott 0-0: Called Strike
0-1: Swinging Strike
0-2: Ball
1-2: Strikes out swinging
Top of the 2nd over - 0 runs, 0 hits, 0 errors, 0 left on base; Baltimore 0 - Oakland 4
BOTTOM OF THE 2ND
Oakland Athletics batting - Pitching for Baltimore Orioles : RHP Adam Thomas
Batting: RHB Don Burt 0-0: Ball
1-0: Fly out, F9 (Flyball, 89D, EV 100.0 MPH)
Batting: LHB Tomas Segarra 0-0: Ground out 6-3 (Groundball, 6, EV 106.3 MPH)
Batting: LHB Peer Derks 0-0: Ball
1-0: Fly out, F7 (Flyball, 7, EV 76.9 MPH)
Bottom of the 2nd over - 0 runs, 0 hits, 0 errors, 0 left on base; Baltimore 0 - Oakland 4
TOP OF THE 3RD
Baltimore Orioles batting - Pitching for Oakland Athletics : RHP Nick Kirk
Batting: SHB Carlos Carrillo 0-0: Ball
1-0: Ball
2-0: Called Strike
2-1: Foul Ball, location: 7LSF
2-2: Strikes out swinging
Batting: LHB Alejandro Soriano 0-0: Ball
1-0: SINGLE (Groundball, 3S, EV 68.1 MPH) (infield hit)
Batting: RHB Alex Sandoval 0-0: Hit by Pitch
Alejandro Soriano to second
Batting: RHB Cesar Breceda 0-0: Ball
1-0: Ball
2-0: Foul Ball, location: 2F
2-1: Swinging Strike
2-2: SINGLE (Groundball, 34D, EV 101.9 MPH) - runner OUT being hit by batted ball. (infield hit)
Batting: RHB Nick Rigden 0-0: Foul Ball, location: 25FF
0-1: Fly out, F7 (Flyball, 7, EV 89.4 MPH)
Top of the 3rd over - 0 runs, 2 hits, 0 errors, 2 left on base; Baltimore 0 - Oakland 4
BOTTOM OF THE 3RD
Oakland Athletics batting - Pitching for Baltimore Orioles : RHP Adam Thomas
Batting: RHB Muneo Kawachi 0-0: Ball
1-0: Called Strike
1-1: Foul Ball, location: 2F
1-2: Ball
2-2: Strikes out swinging
Batting: SHB Matt Altieri 0-0: Called Strike
0-1: Ball
1-1: Ball
2-1: Ball
3-1: Base on Balls
Batting: LHB Kevin McCormic Jr. 0-0: Called Strike
0-1: Ball
Matt Altieri is caught stealing 2nd base 2-6
1-1: Ball
2-1: Swinging Strike
2-2: Strikes out looking
Bottom of the 3rd over - 0 runs, 0 hits, 0 errors, 0 left on base; Baltimore 0 - Oakland 4
TOP OF THE 4TH
Baltimore Orioles batting - Pitching for Oakland Athletics : RHP Nick Kirk
Batting: SHB Dave Barefoot 0-0: Swinging Strike
0-1: Ball
1-1: Foul Ball, location: 3F
1-2: Fly out, F7 (Flyball, 7S, EV 93.8 MPH)
Batting: RHB Vince Jackson 0-0: Foul Ball, location: 2F
0-1: Foul Ball, location: 2F
0-2: Ball
1-2: Ball
2-2: Ground out 6-3 (Groundball, 6, EV 89.4 MPH)
Batting: SHB Junzo Kato 0-0: Ball
1-0: Ball
2-0: Ball
3-0: Called Strike
3-1: Foul Ball, location: 7LSF
3-2: Strikes out swinging
Top of the 4th over - 0 runs, 0 hits, 0 errors, 0 left on base; Baltimore 0 - Oakland 4
BOTTOM OF THE 4TH
Oakland Athletics batting - Pitching for Baltimore Orioles : RHP Adam Thomas
Batting: RHB Chris Prinzing 0-0: Ball
1-0: Ball
2-0: SINGLE (Line Drive, 3L, EV 106.3 MPH)
Batting: SHB Quincy Bradford 0-0: Ball
1-0: Grounds into double play, 4-6-3 (Groundball, 4, EV 78.8 MPH)
Batting: RHB Randy Shrewsbury 0-0: Ball
1-0: Called Strike
1-1: Swinging Strike
1-2: Ball
2-2: Ball
3-2: Foul Ball, location: 2F
3-2: Base on Balls
Batting: RHB Don Burt 0-0: Called Strike
0-1: Ground out 2-3 (Groundball, 2R, EV 68.1 MPH)
Bottom of the 4th over - 0 runs, 1 hit, 0 errors, 1 left on base; Baltimore 0 - Oakland 4
TOP OF THE 5TH
Baltimore Orioles batting - Pitching for Oakland Athletics : RHP Nick Kirk
Batting: LHB Michael Krott 0-0: Called Strike
0-1: Called Strike
0-2: Ball
1-2: Foul Ball, location: 2F
1-2: Ball
2-2: Ball
3-2: Base on Balls
Batting: SHB Carlos Carrillo 0-0: Ball
1-0: Foul Ball, location: 9LDF
1-1: Fly out, F7 (Flyball, 7, EV 95.0 MPH)
Batting: LHB Alejandro Soriano 0-0: Called Strike
0-1: Called Strike
Pickoff Throw by Catcher to First - Out!
0-2: Ground out U3 (Groundball, 34, EV 81.3 MPH)
Top of the 5th over - 0 runs, 0 hits, 0 errors, 0 left on base; Baltimore 0 - Oakland 4
BOTTOM OF THE 5TH
Oakland Athletics batting - Pitching for Baltimore Orioles : RHP Adam Thomas
Batting: LHB Tomas Segarra 0-0: Ball
1-0: Fly out, F7 (Line Drive, 78M, EV 103.8 MPH)
Batting: LHB Peer Derks 0-0: Ground out 4-3 (Groundball, 4, EV 102.5 MPH)
Batting: RHB Muneo Kawachi 0-0: Called Strike
0-1: Called Strike
0-2: Strikes out swinging
Bottom of the 5th over - 0 runs, 0 hits, 0 errors, 0 left on base; Baltimore 0 - Oakland 4
TOP OF THE 6TH
Baltimore Orioles batting - Pitching for Oakland Athletics : RHP Nick Kirk
Batting: RHB Alex Sandoval 0-0: Foul Ball, location: 2F
0-1: Swinging Strike
0-2: Strikes out swinging
Batting: RHB Cesar Breceda 0-0: Ball
1-0: Ball
2-0: Ball
3-0: Called Strike
3-1: Called Strike
3-2: Ground out 3-1 (Groundball, 34S, EV 80.6 MPH)
Batting: RHB Nick Rigden 0-0: Ground out 5-3 (Groundball, 15, EV 84.4 MPH)
Top of the 6th over - 0 runs, 0 hits, 0 errors, 0 left on base; Baltimore 0 - Oakland 4
BOTTOM OF THE 6TH
Oakland Athletics batting - Pitching for Baltimore Orioles : RHP Adam Thomas
Batting: SHB Matt Altieri 0-0: Called Strike
0-1: Ball
1-1: Ground out 6-3 (Groundball, 56D, EV 76.9 MPH)
Batting: LHB Kevin McCormic Jr. 0-0: Ball
1-0: Ground out 3-1 (Groundball, 34, EV 78.1 MPH)
Batting: RHB Chris Prinzing 0-0: Foul Ball, location: 3F
0-1: Called Strike
0-2: Foul Ball, location: 2F
0-2: Ball
1-2: Ground out 6-3 (Groundball, 6, EV 81.9 MPH)
Bottom of the 6th over - 0 runs, 0 hits, 0 errors, 0 left on base; Baltimore 0 - Oakland 4
TOP OF THE 7TH
Baltimore Orioles batting - Pitching for Oakland Athletics : RHP Nick Kirk
Batting: SHB Dave Barefoot 0-0: Ground out 5-3 (Groundball, 56, EV 88.1 MPH)
Batting: RHB Vince Jackson 0-0: Ball
1-0: Foul Ball, location: 5SF
1-1: Swinging Strike
1-2: Foul Ball, location: 2F
1-2: Ball
2-2: Ball
3-2: Fly out, F3 (Popup, 3SF, EV 79.4 MPH)
Batting: SHB Junzo Kato 0-0: Ball
1-0: Ground out 4-3 (Groundball, 4, EV 88.8 MPH)
Top of the 7th over - 0 runs, 0 hits, 0 errors, 0 left on base; Baltimore 0 - Oakland 4
BOTTOM OF THE 7TH
Oakland Athletics batting - Pitching for Baltimore Orioles : RHP Adam Thomas
Batting: SHB Quincy Bradford 0-0: Ball
1-0: Ball
2-0: Ball
3-0: Called Strike
3-1: Ground out 3-1 (Groundball, 34, EV 107.5 MPH)
Batting: RHB Randy Shrewsbury 0-0: Fly out, F9 (Flyball, 89M, EV 84.4 MPH)
Batting: RHB Don Burt 0-0: Ball
1-0: Ball
2-0: Ball
3-0: Called Strike
3-1: Foul Ball, location: 7LSF
3-2: Foul Ball, location: 2F
3-2: Base on Balls
Batting: LHB Tomas Segarra 0-0: Called Strike
Don Burt is caught stealing 2nd base 2-6
Bottom of the 7th over - 0 runs, 0 hits, 0 errors, 0 left on base; Baltimore 0 - Oakland 4
TOP OF THE 8TH
Baltimore Orioles batting - Pitching for Oakland Athletics : RHP Nick Kirk
Batting: LHB Michael Krott 0-0: Ball
1-0: Foul Ball, location: 7LDF
1-1: DOUBLE (Flyball, 78D, EV 98.1 MPH)
Batting: SHB Carlos Carrillo 0-0: Swinging Strike
0-1: Fly out, F7 (Flyball, 7D, EV 77.5 MPH)
Runner from 2nd tags up, SAFE at 3rd, no throw by LF
Batting: LHB Alejandro Soriano 0-0: Ball
1-0: Called Strike
1-1: Swinging Strike
1-2: Fly out, F7 (Flyball, 7LS, EV 86.9 MPH)
Batting: RHB Alex Sandoval 0-0: Foul Ball, location: 2F
0-1: Swinging Strike
0-2: Ball
1-2: Foul Ball, location: 2F
1-2: Ball
2-2: Strikes out swinging, 2-3 out at first.
Top of the 8th over - 0 runs, 1 hit, 0 errors, 1 left on base; Baltimore 0 - Oakland 4
BOTTOM OF THE 8TH
Oakland Athletics batting - Pitching for Baltimore Orioles : RHP Adam Thomas
Batting: LHB Tomas Segarra 0-0: Called Strike
0-1: Ball
1-1: Ground out 6-3 (Groundball, 6, EV 105.6 MPH)
Batting: LHB Peer Derks 0-0: Swinging Strike
0-1: Ball
1-1: Swinging Strike
1-2: Foul Ball, location: 23FF
1-2: Hit by Pitch
Pitching: RHP Jose Lara
Batting: RHB Muneo Kawachi 0-0: Ball
1-0: Ball
2-0: Fly out, F8 (Flyball, 8LS, EV 90.0 MPH)
Batting: SHB Matt Altieri 0-0: Foul Ball, location: 2F
0-1: Called Strike
Peer Derks steals 2nd base (no throw)
0-2: Foul Ball, location: 2F
0-2: Strikes out looking
Bottom of the 8th over - 0 runs, 0 hits, 0 errors, 1 left on base; Baltimore 0 - Oakland 4
TOP OF THE 9TH
Baltimore Orioles batting - Pitching for Oakland Athletics : RHP Nick Kirk
Batting: RHB Cesar Breceda 0-0: Ball
1-0: Ball
2-0: Ball
3-0: Base on Balls
Batting: RHB Nick Rigden 0-0: Ball
1-0: Ball
2-0: Swinging Strike
2-1: Swinging Strike
2-2: Grounds into double play, 4-6-3 (Groundball, 34, EV 83.8 MPH)
Batting: SHB Dave Barefoot 0-0: Ball
1-0: Fly out, F5 (Popup, 5SF, EV 71.9 MPH)
Top of the 9th over - 0 runs, 0 hits, 0 errors, 0 left on base; Baltimore 0 - Oakland 4
Friday, April 5th , 2024 - OOTP Baseball 24.11 Build 85